Construct Infanterie Kompanie
Selects Terror Battlegroup
Selects Machine Gun Camouflage
Construct Panzergrenadier Kompanie
Pak 40 Anti-tank Gun Team
Construct Luftwaffe Kompanie
Nebelwerfer 42 Rocket Launcher Team
Selects Defend the Fatherland
Selects Contempt for the Weak
Pak 40 Anti-tank Gun Team
Nebelwerfer 42 Rocket Launcher Team
Construct Panzer Kompanie
Pak 40 Anti-tank Gun Team
Pak 40 Anti-tank Gun Team
Selects King Tiger Heavy Tank